 Dungeon Crawl Stone Soup version 0.29-a0-559-g359e09b9d1 (webtiles) character file.

Game seed: 17879238988116646072

805 vulpzor the Insei (level 7, -7/47 HPs)
             Began as an Octopode Transmuter on June 10, 2022.
             Was an Initiate of Gozag.
             Killed from afar by an oklob plant (13 damage)
             ... with a splash of acid
             ... created by the enmity of Fedhas Madash
             ... on level 5 of the Dungeon.
             The game lasted 00:19:09 (6221 turns).

vulpzor the Insei (Octopode Transmuter)             Turns: 6221, Time: 00:19:10

Health: -7/47      AC:  1    Str:  9    XL:     7   Next: 91%
Magic:  13/13      EV: 14    Int: 21    God:    Gozag
Gold:   95         SH:  0    Dex: 15    Spells: 13/14 levels left

rFire   . . .      SeeInvis .     - Unarmed
rCold   . . .      Faith    .   (no shield)
rNeg    . . .      Spirit   .   (helmet currently unavailable)
rPois   .          Reflect  .   c - amulet of magic regeneration
rElec   .          Harm     .   q - +6 ring of intelligence
rCorr   .          Rampage  .   (no ring)
Will    .....                   (no ring)
Stlth   ++........              (no ring)
HPRegen 0.15/turn               (no ring)
MPRegen 0.53/turn               (no ring)
                                (no ring)
                                (no ring)

@: about to teleport, appendages, gold aura
A: tentacle spike 3, almost no armour, amphibious, 8 rings, camouflage 1,
gelatinous body 1, (nimble swimmer 1), tentacles
a: End Transformation, Renounce Religion, Potion Petition, Call Merchant, Bribe
Branch


You were on level 5 of the Dungeon.
You worshipped Gozag.
Gozag was noncommittal.
One of your tentacles had grown a beastly spike.
You visited 1 branch of the dungeon, and saw 5 of its levels.

You collected 126 gold pieces.
You paid 31 gold pieces to Gozag.

Inventory:

Hand Weapons
 r - a +0 flail of distortion
 t - a +2 dagger of holy wrath
 w - a +2 dagger of venom
Armour
 i - a scarf of shadows
 p - the +3 ring mail of the Eight Boll Weevils {rPois rF+ Int+4}
   (You found it on level 3 of the Dungeon)

   Int:       It affects your intelligence (+4).
   rF:        It protects you from fire.
   rPois:     It protects you from poison.
 v - a +0 hat (melded)
Magical Staves
 k - a staff of conjuration
Jewellery
 c - an amulet of magic regeneration (around mantle)
 q - a +6 ring of intelligence (left tentacle)
Scrolls
 b - 2 scrolls of vulnerability
 d - a scroll of torment {unknown}
 e - a scroll of enchant weapon
 h - a scroll of enchant armour {unknown}
 j - a scroll of summoning {unknown}
 l - 2 scrolls of identify {unknown}
 m - 2 scrolls of poison {unknown}
 n - 2 scrolls of fear {unknown}
Potions
 a - a potion of magic {unknown}
 f - a potion of heal wounds {unknown}
 g - 2 potions of ambrosia {unknown}
 o - 2 potions of flight {unknown}
 u - a potion of curing {unknown}


   Skills:
 + Level 3.6 Fighting
 + Level 4.2 Dodging
 + Level 4.8 Unarmed Combat
 + Level 4.0 Spellcasting
 + Level 4.2 Transmutations


You had 13 spell levels left.
You knew the following spells:

 Your Spells              Type           Power      Damage    Failure   Level
a - Beastly Appendage     Tmut           44%        N/A       1%          1

Your spell library contained the following spells:

 Spells                   Type           Power      Damage    Failure   Level
 Wereblood                Tmut           22%        N/A       3%          2
 Necrotize                Necr           16%        1d4       12%         1
 Spider Form              Tmut/Pois      13%        N/A       16%         3
 Ignite Poison            Fire/Tmut/Pois 10%        N/A       21%         3
 Mephitic Cloud           Conj/Pois/Air  4%         N/A       34%         3
 Vampiric Draining        Necr           4%         2d6       34%         3
 Ice Form                 Ice/Tmut       13%        N/A       45%         4
 Agony                    Necr           4%         N/A       97%         5
 Freezing Cloud           Conj/Ice/Air   2%         6-21      97%         5


Dungeon Overview and Level Annotations

Branches:
Dungeon (5/15)
 Temple: D:4-7

Altars:
Fedhas
Gozag

Annotations:
D:5 exclusion: 2 oklob plants


Innate Abilities, Weirdness & Mutations

One of your tentacles has grown a beastly spike.
You cannot wear most types of armour.
You are amphibious.
You can wear up to eight rings at the same time.
Your skin changes colour to match your surroundings (Stealth+).
Your rubbery body absorbs attacks. (AC +1, EV +1)
((You are camouflaged when in or above water. (Stealth+)))
You have tentacles for arms and can constrict up to eight enemies at once.


Message History

An orc wizard comes into view. It is wielding a +0 dagger. x2
There is an open door here.
There is a stone staircase leading down here.
You climb downwards.
Reactivating autopickup.
Found a robe.
There is a stone staircase leading up here.
You open the door.
There is an open door here.
You start resting.
A shadow imp comes into view.
Casting: Beastly Appendage (safe; 2% risk of failure)
Confirm with . or Enter, or press ? or * to list all spells.
One of your tentacles grows a vicious spike.
Your +0 hat melds into your body.
The shadow imp shouts!
You tentacle-slap the shadow imp. You grab the shadow imp.
You pierce the shadow imp.
The shadow imp is severely wounded.
You constrict the shadow imp. You tentacle-slap the shadow imp.
You pierce the shadow imp, but do no damage.
The shadow imp is almost dead.
You constrict the shadow imp.
You kill the shadow imp!
You now have 95 gold pieces (gained 5).
Plants grow around you in an ominous manner.
Marking area around 2 oklob plants as unsafe for travelling. 2 oklob plants come into view.
As you read the scroll of teleportation, it crumbles to dust.
You feel strangely unstable.
Marking area around 2 oklob plants as unsafe for travelling.
The oklob plant spits acid at you. The splash of acid hits you!!
* * * LOW HITPOINT WARNING * * *
The wandering mushroom misses you. The oklob plant spits acid at you.
The splash of acid hits you!
You die...
Your body crumbles into a pile of gold.

#....#
#...#....#
#...+....#
#...#....#
#...#....#
#...#....#
#...#....#
#...#...@#
#...'.f..#
#...#.f..#
#[..#..f.#
#...#..P.#
#...#P.....
#.<.+.......
#...#........
#+###........


You could see 2 oklob plants and 3 wandering mushrooms.

Vanquished Creatures
  Sigmund (D:4)
  Menkaure (D:4)
  The ghost of NateTC the Caller, an amateur DESu (D:4)
  An orc priest (D:4)
  A hound (D:4)
  An iguana (D:4)
  3 orc wizards (D:4)
  Robin (D:4)
  3 gnolls (D:4)
  9 adders
  A river rat (D:4)
  A shadow imp (D:5)
  A worm (D:2)
  2 dart slugs (D:3)
  11 orcs
  4 bats
  7 endoplasms
  11 giant cockroaches
  11 hobgoblins
  10 jackals
  8 kobolds
  2 quokkas
  4 ball pythons
  A frilled lizard (D:1)
  14 goblins
  10 rats
120 creatures vanquished.

Notes
Turn   | Place    | Note
-------+----------+-------------------------------------------
     0 | D:1      | vulpzor the Octopode Transmuter began the quest for the
                  | Orb.
     0 | D:1      | Reached XP level 1. HP: 13/13 MP: 3/3
   263 | D:1      | Reached XP level 2. HP: 15/18 MP: 5/5
   595 | D:1      | Reached XP level 3. HP: 6/23 MP: 6/6
   903 | D:1      | Found a faded altar of an unknown god.
   913 | D:1      | Prayed at the altar of an unknown god.
   913 | D:1      | Became a worshipper of Fedhas Madash
   913 | D:1      | Reached * piety under Fedhas
  1942 | D:2      | Reached XP level 4. HP: 13/29 MP: 7/7
  2730 | D:3      | Reached ** piety under Fedhas
  3175 | D:3      | Reached XP level 5. HP: 20/34 MP: 9/9
  3426 | D:3      | Identified the +3 ring mail of the Eight Boll Weevils
                  | {rPois rF+ Int+4}
  3882 | D:4      | Noticed Sigmund
  4190 | D:4      | Reached XP level 6. HP: 16/41 MP: 10/10
  4354 | D:4      | Reached *** piety under Fedhas
  4428 | D:4      | Found a runed translucent door.
  4435 | D:4      | Noticed NateTC's ghost (amateur DESu)
  5043 | D:4      | Noticed Menkaure
  5054 | D:4      | Killed Menkaure
  5055 | D:4      | Reached XP level 7. HP: 25/46 MP: 12/12
  5420 | D:4      | Noticed Robin
  5596 | D:4      | Killed Robin
  5615 | D:4      | Killed Sigmund
  5834 | D:4      | Found an opulent altar of Gozag.
  5838 | D:4      | Fell from the grace of Fedhas
  5838 | D:4      | Became a worshipper of Gozag Ym Sagoz the Greedy
  5953 | D:4      | Killed NateTC's ghost
  6140 | D:4      | Noticed a wandering mushroom
  6140 | D:4      | Noticed a wandering mushroom
  6197 | D:5      | Entered Level 5 of the Dungeon
  6218 | D:5      | Noticed an oklob plant
  6218 | D:5      | Noticed an oklob plant
  6218 | D:5      | Noticed a wandering mushroom
  6218 | D:5      | Noticed a wandering mushroom
  6218 | D:5      | Noticed a wandering mushroom
  6221 | D:5      | Killed from afar by an oklob plant

Illustrated notes

Levels and vault maps discovered:
D:1:      nzn_arrival_crosshair, layout_rooms,
          shapermc_ecumenical_altar_notcrosses
D:2:      layout_rooms, kennysheep_generic_room_13
D:3:      layout_basic
D:4:      layout_loops_corners, kennysheep_mini_moat, portal_sewer_entry_e,
          ebering_ghost_reflecting_pool, uniq_robin, uniq_sigmund, uniq_menkaure
D:5:      layout_gridville, grunt_dithmenos_smoke, ashenzari_conservatory_becter

Skill      XL: |  1  2  3  4  5  6  7 |
---------------+----------------------+-----
Fighting       | 2 3 |  3.6
Dodging        | 3 4 |  4.2
Transmutations | 3 4 |  4.2
Spellcasting   | 3 4 |  4.0
Unarmed Combat | 4 |  4.8

Action                   |  1- 3 |  4- 6 |  7- 9 || total
-------------------------+-------+-------+-------++-------
Melee: Unarmed           |    87 |   169 |    54 ||   310
       Constrict         |    23 |    51 |    13 ||    87
       Tentacles         |    15 |    41 |    12 ||    68
       Kick              |     5 |    16 |    17 ||    38
       Punch             |     2 |    10 |     4 ||    16
 Cast: Beastly Appendage |     3 |     6 |     4 ||    13
  Use: Scroll            |     5 |     2 |     2 ||     9
       Potion            |     1 |       |       ||     1
 Stab: Sleeping          |     3 |     5 |     1 ||     9
Armor: Skin              |    12 |     4 |     2 ||    18
Dodge: Dodged            |    65 |   101 |    24 ||   190

Table legend: (Time is in decaauts)
 A = Elapsed time spent in this place.
 B = Non-inter-level travel time spent in this place.
 C = Inter-level travel time spent in this place.
 D = Time resting spent in this place.
 E = Time spent auto-exploring this place.
 F = Levels seen in this place.
 G = Mean time per level.
                   A        B        C        D        E       F      G
               +--------+--------+--------+--------+--------+-----+--------+
         Total |   6198 |   6196 |      2 |   1226 |   3524 |   5 | 1239.6 |
       Dungeon |   6198 |   6196 |      2 |   1226 |   3524 |   5 | 1239.6 |
               +--------+--------+--------+--------+--------+-----+--------+

Top non-repeatable levels by time:
     D:4: 2498 daAuts
     D:1: 1389 daAuts
     D:2: 1242 daAuts
     D:3: 1044 daAuts
     D:5: 23 daAuts
